 Dungeon Sprint DCSS version 0.20-a0-920-gb18bc0f (webtiles) character file.

648 seren the Fighter (level 7, -4/72 HPs)
             Began as a Minotaur Fighter on Mar 25, 2017.
             Was an Initiate of Makhleb.
             Asphyxiated
             ... in the Dungeon (Sprint I: "Red Sonja").
             The game lasted 00:03:01 (332 turns).

seren the Fighter (Minotaur Fighter)                 Turns: 332, Time: 00:03:02

Health: -4/72      AC:  0    Str: 20    XL:     7   Next: 27%
Magic:  6/6        EV:  9    Int:  5    God:    Makhleb [......]
Gold:   405        SH: 12    Dex: 12    Spells: 6/6 levels left

rFire    . . .     SeeInvis .   a - +0 war axe
rCold    . . .     Gourm    .   c - +0 shield
rNeg     . . .     Faith    .   b - +0 scale mail
rPois    .         Spirit   .   (helmet restricted)
rElec    .         Reflect  .   (no cloak)
rCorr    .         Harm     .   (no gloves)
MR       .....     NoTele   +   (no boots)
Stlth    ..........             (no amulet)
Regen    0.3/turn               (no ring)
MPRegen  0.1/turn               (no ring)

@: lethally poisoned (-4 -> -51), corroded, slowed, very slow
A: retaliatory headbutt, horns 2
a: Renounce Religion


You were in the Dungeon.
You worshipped Makhleb.
Makhleb was noncommittal.
You were not hungry.

You visited 1 branch You collected 405 gold pieces.

Inventory:

Hand Weapons
 a - a +0 war axe (weapon)
Armour
 b - a +0 scale mail (worn)
 c - a +0 shield (worn)
Wands
 l - a wand of polymorph (5/24)
 n - a wand of random effects (15/48)
Scrolls
 k - a scroll of blinking
Potions
 d - a potion of might
 e - a potion of curing
 g - a potion of heal wounds
 h - a potion of haste
 i - 2 potions of magic
 j - a potion of berserk rage
 m - a potion of mutation {unknown}
Comestibles
 f - a bread ration
 o - 5 chunks of flesh


   Skills:
 + Level 10.3 Fighting
 + Level 9.4 Axes
 + Level 10.0 Armour
 + Level 10.3 Shields
 - Level 1.3 Unarmed Combat


You had 6 spell levels left.
You didn't know any spells.

Dungeon Overview and Level Annotations

Branches:
Dungeon (1/1)

Altars:
Cheibriados
Dithmenos
Elyvilon
Fedhas
Gozag
Hepliaklqana
Kikubaaqudgha
Makhleb
Nemelex Xobeh
Okawaru
Qazlal
Ru
Sif Muna
Trog
Uskayaw
Vehumet
Wu Jian
Xom
Yredelemnul
Zin
The Shining One
Jiyva
Lugonu

Shops:
D [

Annotations:
D Sonja


Innate Abilities, Weirdness & Mutations

You reflexively headbutt those who attack you in melee.
You have a pair of horns on your head.


Message History

The curare-tipped needle hits you.
You are more poisoned.
You have difficulty breathing.
You feel as though you will be slow longer.
You see here a curare-tipped needle.
You feel very sick.
Sonja shoots a curare-tipped needle.
The curare-tipped needle hits you.
You are more poisoned.
You have difficulty breathing.
You feel as though you will be slow longer.
Sonja zaps a wand.
The bolt of acid hits you!
* * * LOW HITPOINT WARNING * * *
The acid corrodes you!
You are splashed with acid!
The acid burns!
* * * LOW HITPOINT WARNING * * *
* * * LOW HITPOINT WARNING * * *
You feel very sick.
Sonja shoots a curare-tipped needle.
The curare-tipped needle hits you.
You are more poisoned.
You have difficulty breathing.
You die...

#..####..#...#!####
#..#__####..##.#
#..#_____##'#_.+
#⌠⌠#_.∩...'..K_#
####_..__##_(#+#
#_____###(#
#########(## +$.$+
#$@$# ##.## #+#


You could see Sonja.

Vanquished Creatures
  A slime creature (D)
  A yak (D)
  Sigmund (D)
  An ogre (D)
  A jelly (D)
  Ijyb (D)
6 creatures vanquished.

Notes
Turn   | Place    | Note
-------+----------+-------------------------------------------
     0 | D        | seren the Minotaur Fighter began the quest for the Orb.
     0 | D        | Reached XP level 1. HP: 19/19 MP: 0/0
     1 | D        | Noticed Ijyb
     8 | D        | Killed Ijyb
     8 | D        | Reached skill level 5 in Fighting
     8 | D        | Reached skill level 5 in Shields
     8 | D        | Reached skill level 1 in Unarmed Combat
     8 | D        | Reached XP level 2. HP: 29/29 MP: 1/1
    12 | D        | Noticed an ogre
    15 | D        | Killed an ogre
    15 | D        | Reached skill level 5 in Axes
    15 | D        | Reached XP level 3. HP: 38/38 MP: 2/2
    15 | D        | Reached XP level 4. HP: 45/45 MP: 3/3
    29 | D        | Noticed Sigmund
    40 | D        | Killed Sigmund
    40 | D        | Reached XP level 5. HP: 56/56 MP: 4/4
    56 | D        | Found a burning altar of Makhleb.
    56 | D        | Found a viscous altar of Jiyva.
    56 | D        | Found a shimmering altar of Xom.
    56 | D        | Found a corrupted altar of Lugonu.
    56 | D        | Noticed a slime creature
    68 | D        | Killed a slime creature
    68 | D        | Reached XP level 6. HP: 23/66 MP: 5/5
    92 | D        | Became a worshipper of Makhleb the Destroyer
   272 | D        | Found an ornate altar of the Wu Jian Council.
   272 | D        | Found a deep blue altar of Sif Muna.
   274 | D        | Found a radiant altar of Vehumet.
   304 | D        | Found Xinoiv Kyne's Armour Emporium.
   304 | D        | Found an ancient bone altar of Kikubaaqudgha.
   304 | D        | Found a hazy altar of Hepliaklqana.
   304 | D        | Found a stormy altar of Qazlal.
   304 | D        | Found a hide-covered altar of Uskayaw.
   304 | D        | Found a blossoming altar of Fedhas.
   304 | D        | Found a bloodstained altar of Trog.
   304 | D        | Found an iron altar of Okawaru.
   304 | D        | Found a basalt altar of Yredelemnul.
   304 | D        | Found a glowing golden altar of the Shining One.
   304 | D        | Found a snail-covered altar of Cheibriados.
   304 | D        | Found a sacrificial altar of Ru.
   304 | D        | Found a glowing silver altar of Zin.
   304 | D        | Found a shadowy altar of Dithmenos.
   304 | D        | Found a white marble altar of Elyvilon.
   304 | D        | Noticed a yak
   311 | D        | Killed a yak
   311 | D        | Reached skill level 10 in Fighting
   311 | D        | Reached skill level 10 in Armour
   311 | D        | Reached skill level 10 in Shields
   311 | D        | Reached XP level 7. HP: 72/72 MP: 6/6
   312 | D        | Found an opulent altar of Gozag.
   315 | D        | Found a sparkling altar of Nemelex Xobeh.
   328 | D        | Noticed Sonja
   332 | D        | Asphyxiated

Vault maps used:
D:        dungeon_sprint_1

Skill      XL: |  1  2  3  4  5  6 |
---------------+-------------------+-----
Fighting       | 5 6 8 9 10 | 10.3
Axes           | 3 5 7 8 9 |  9.4
Armour         | 4 6 8 9 10 | 10.0
Shields        | 5 6 8 9 10 | 10.3
Unarmed Combat | 1 |  1.3

Action                   |  1- 3 |  4- 6 |  7- 9 || total
-------------------------+-------+-------+-------++-------
Melee: Unarmed           |     6 |       |       ||     6
       War axe           |     1 |    31 |       ||    32
       Headbutt          |       |     6 |       ||     6
Armor: Scale mail        |     1 |     7 |       ||     8
Dodge: Dodged            |     2 |     4 |       ||     6
Block: Shield            |       |    14 |     1 ||    15
